 Dungeon Crawl Stone Soup version 0.31.0-32-g396128a36d (webtiles) character file.

Game seed: 5848108999174133939

172 0gre the Chiller (level 5, -2/37 HPs)
             Began as a Gnoll Ice Elementalist on Apr 11, 2024.
             Slain by Grinder (5 damage)
             ... on level 3 of the Dungeon.
             The game lasted 00:14:53 (2027 turns).

0gre the Chiller (Gnoll Ice Elementalist)           Turns: 2027, Time: 00:14:54

Health: -2/37      AC:  2    Str:  7    XL:     5   Next: 52%
Magic:  10/12      EV: 14    Int: 15    God:
Gold:   97         SH:  0    Dex: 14    Spells: 7/14 levels left

rFire   . . .        a - +0 hand axe (venom)
rCold   . . .        (no shield)
rNeg    . . .        f - +0 robe
rPois   .            (no helmet)
rElec   .            (no cloak)
rCorr   .            (no gloves)
SInv    +            (no boots)
Will    .....        (no amulet)
Stlth   +++          n - ring of see invisible
HPRegen 0.26/turn    (no ring)
MPRegen 0.13/turn

%: no passive effects
@: freezing walls, very slightly contaminated
A: fangs 1, strong nose, distributed training
a: no special abilities


You were on level 3 of the Dungeon.
You visited 1 branch of the dungeon, and saw 3 of its levels.

You collected 145 gold pieces.
You spent 48 gold pieces at shops.

Inventory:

Hand Weapons
 a - a +0 hand axe of venom (weapon)
 b - a +0 sling
 c - a +0 spear
Armour
 f - a +0 robe (worn)
Jewellery
 n - a ring of see invisible (left hand)
Scrolls
 h - a scroll of enchant weapon {unknown}
 i - a scroll of vulnerability {unknown}
 j - a scroll of identify {unknown}
 k - a scroll of noise {unknown}
 l - a scroll of brand weapon {unknown}
Potions
 d - 2 potions of lignification {unknown}
 e - 2 potions of attraction {unknown}
 g - a potion of enlightenment {unknown}
 m - a potion of magic
 o - a potion of might {unknown}
 p - a potion of mutation {unknown}
 q - 2 potions of resistance {unknown}


   Skills:
 + Level 1.6 Fighting
 + Level 1.6 Short Blades
 + Level 1.6 Long Blades
 + Level 1.6 Axes
 + Level 1.6 Maces & Flails
 + Level 1.6 Polearms
 + Level 1.6 Staves
 + Level 1.6 Ranged Weapons
 + Level 1.6 Throwing
 + Level 1.6 Armour
 + Level 4.8 Dodging
 + Level 4.4 Stealth
 + Level 1.6 Shields
 + Level 1.6 Unarmed Combat
 + Level 5.2 Spellcasting
 + Level 1.2 Conjurations
 + Level 1.2 Hexes
 + Level 1.2 Summonings
 + Level 1.2 Necromancy
 + Level 1.2 Translocations
 + Level 1.2 Fire Magic
 + Level 7.2 Ice Magic
 + Level 1.2 Air Magic
 + Level 1.2 Earth Magic
 + Level 1.2 Alchemy
 + Level 1.8 Invocations
 + Level 1.6 Evocations
 + Level 1.4 Shapeshifting


You had 7 spell levels left.
You knew the following spells:

 Your Spells              Type           Power      Damage    Failure   Level
a - Freeze                Ice            100%       1d10      1%          1
b - Frozen Ramparts       Ice            50%        1d8       2%          3
c - Hailstorm             Conj/Ice       16%        3d6       9%          3

Your spell library contained the following spells:

 Spells                   Type           Power      Damage    Failure   Level
 Ozocubu's Armour         Ice            25%        N/A       2%          3
 Summon Ice Beast         Ice/Summ       16%        N/A       9%          3
 Sandblast                Erth           14%        2d6       10%         1
 Passwall                 Erth           7%         N/A       28%         3
 Stone Arrow              Conj/Erth      14%        3d7       28%         3
 Brom's Barrelling Bould  Conj/Erth      7%         2d3       67%         4
 Sculpt Simulacrum        Ice/Alch       8%         N/A       99%         6


Dungeon Overview and Level Annotations

Branches:
Dungeon (3/15)

Altars:

Shops:
D:2 !

Annotations:
D:3 Grinder, Natasha


Innate Abilities, Weirdness & Mutations

You have very sharp teeth.
Your uncanny sense of smell can sniff out nearby items.
Your experience applies equally to all skills.


Message History

The wall freezes Grinder but does no damage.
Grinder blinks!
Okay, then.
Casting: Frozen Ramparts (dangerous; 2% risk of failure)
Confirm with . or Enter, or press ? or * to list all spells.
Casting: Hailstorm (dangerous; 9% risk of failure)
Press: ? - help, Dir - look around, f - activate A cannonade of hail descends around you!
The hail pelts Grinder!
Grinder partially resists.
Grinder is heavily wounded.
Grinder gestures at you.
You suddenly lose the ability to move!
You can move again.
Casting: Hailstorm (dangerous; 9% risk of failure)
Confirm with . or Enter, or press ? or * to list all spells.
Casting: Hailstorm (dangerous; 9% risk of failure)
Press: ? - help, Dir - look around, f - activate You miscast Hailstorm.
You are very lightly contaminated with residual magic.
Nothing appears to happen.
The frozen ramparts melt away.
Grinder attacks as she pursues you! Grinder closely misses you.
Casting: Hailstorm (dangerous; 9% risk of failure)
Confirm with . or Enter, or press ? or * to list all spells.
You don't have enough magic to cast this spell.
Magic courses through your body. Grinder hits you.
You writhe in agony.
* * * LOW HITPOINT WARNING * * *
Casting: Hailstorm (dangerous; 9% risk of failure)
Confirm with . or Enter, or press ? or * to list all spells.
Casting: Frozen Ramparts (dangerous; 2% risk of failure)
Press: ? - help, Dir - look around, f - activate The walls around you are covered in ice.
Grinder resists.
The wall freezes Grinder.
Grinder closely misses you.
You hit Grinder.
Grinder is severely wounded.
The wall freezes Grinder but does no damage.
Grinder hits you!
* * * LOW HITPOINT WARNING * * *
You writhe in agony.
You die...
Grinder says, "Hey, I wasn't done torturing you yet!"

#..............#
#..............#
#..............#
#..............#
#..............#
#..............#
#..............#
#...†.........5# .
#########.####@#........#
#.## #.#....$...#
######..###.#^...5...#
.............#........#
..........#..#........#
..........##..........#
..........##.#........#.#
..........#.............#
..........#.#.####.######


You could see Grinder.

Vanquished Creatures
  An orc priest (D:3)
  Natasha (D:3)
  An orc wizard (D:3)
  2 adders
  A dart slug (D:3)
  A ribbon worm (D:2)
  7 orcs
  6 ball pythons
  8 bats
  9 endoplasms
  A giant cockroach (D:1)
  3 goblins
  6 hobgoblins
  3 jackals (D:2)
  4 kobolds
  A quokka (D:3)
  4 frilled lizards
  4 rats
63 creatures vanquished.

Notes
Turn   | Place    | Note
-------+----------+-------------------------------------------
     0 | D:1      | 0gre the Gnoll Ice Elementalist began the quest for the
                  | Orb.
     0 | D:1      | Reached XP level 1. HP: 13/13 MP: 6/6
   158 | D:1      | Reached XP level 2. HP: 19/19 MP: 3/7
   633 | D:2      | Found Uhec's Distillery.
   645 | D:2      | Bought a potion of curing for 36 gold pieces
   645 | D:2      | Bought a potion of degeneration for 12 gold pieces
   714 | D:2      | Reached skill level 5 in Spellcasting
   714 | D:2      | Reached XP level 3. HP: 25/25 MP: 5/9
   718 | D:2      | Learned a level 3 spell: Frozen Ramparts
   831 | D:2      | Reached skill level 1 in Invocations
  1027 | D:2      | Reached skill level 1 in Fighting
  1027 | D:2      | Reached skill level 1 in Short Blades
  1027 | D:2      | Reached skill level 1 in Long Blades
  1027 | D:2      | Reached skill level 1 in Axes
  1027 | D:2      | Reached skill level 1 in Maces & Flails
  1027 | D:2      | Reached skill level 1 in Polearms
  1027 | D:2      | Reached skill level 1 in Staves
  1027 | D:2      | Reached skill level 1 in Ranged Weapons
  1027 | D:2      | Reached skill level 1 in Throwing
  1027 | D:2      | Reached skill level 1 in Armour
  1027 | D:2      | Reached skill level 1 in Shields
  1027 | D:2      | Reached skill level 1 in Unarmed Combat
  1027 | D:2      | Reached skill level 1 in Evocations
  1212 | D:3      | Noticed Grinder
  1301 | D:3      | Learned a level 3 spell: Hailstorm
  1424 | D:3      | Paralysed by Grinder for 2 turns
  1499 | D:3      | Reached skill level 1 in Shapeshifting
  1499 | D:3      | Reached XP level 4. HP: 28/32 MP: 7/11
  1503 | D:3      | Reached skill level 1 in Conjurations
  1503 | D:3      | Reached skill level 1 in Hexes
  1503 | D:3      | Reached skill level 1 in Summonings
  1503 | D:3      | Reached skill level 1 in Necromancy
  1503 | D:3      | Reached skill level 1 in Translocations
  1503 | D:3      | Reached skill level 1 in Fire Magic
  1503 | D:3      | Reached skill level 1 in Air Magic
  1503 | D:3      | Reached skill level 1 in Earth Magic
  1503 | D:3      | Reached skill level 1 in Alchemy
  1656 | D:3      | Reached XP level 5. HP: 26/37 MP: 8/12
  1939 | D:3      | Noticed Natasha
  1944 | D:3      | Killed Natasha
  2004 | D:3      | Noticed Natasha
  2021 | D:3      | Paralysed by Grinder for 2 turns
  2027 | D:3      | Slain by Grinder

Illustrated notes

Levels and vault maps discovered:
D:1:      wander_arrival_abandoned_jail, layout_basic
D:2:      layout_rooms, serial_shops, shop
D:3:      minmay_angry_zag, layout_basic, minmay_misc_feat_chi, uniq_natasha,
          uniq_grinder

Skill      XL: |  1  2  3  4 |
---------------+-------------+-----
Spellcasting   | 5 |  5.2
Invocations    | 1 |  1.8
Fighting       | 1 |  1.6
Short Blades   | 1 |  1.6
Long Blades    | 1 |  1.6
Axes           | 1 |  1.6
Maces & Flails | 1 |  1.6
Polearms       | 1 |  1.6
Staves         | 1 |  1.6
Ranged Weapons | 1 |  1.6
Throwing       | 1 |  1.6
Armour         | 1 |  1.6
Shields        | 1 |  1.6
Unarmed Combat | 1 |  1.6
Evocations     | 1 |  1.6
Shapeshifting  | 1 |  1.4
Conjurations   | 1 |  1.2
Hexes          | 1 |  1.2
Summonings     | 1 |  1.2
Necromancy     | 1 |  1.2
Translocations | 1 |  1.2
Fire Magic     | 1 |  1.2
Air Magic      | 1 |  1.2
Earth Magic    | 1 |  1.2
Alchemy        | 1 |  1.2
Dodging        | |  4.8
Stealth        | |  4.4
Ice Magic      | |  7.2

Action                     |  1- 3 |  4- 6 || total
---------------------------+-------+-------++-------
  Melee: Unarmed           |     3 |       ||     3
         Short sword       |    29 |       ||    29
         Punch             |     2 |       ||     2
         Hand axe          |     5 |    18 ||    23
         Bite              |     4 |     1 ||     5
   Fire: Sling             |    38 |    22 ||    60
   Cast: Freeze            |    23 |       ||    23
         Frozen Ramparts   |     8 |     6 ||    14
         Hailstorm         |       |     4 ||     4
    Use: Potion            |     3 |     1 ||     4
   Stab: Sleeping          |     4 |       ||     4
 Armour: Robe              |    24 |    14 ||    38
  Dodge: Dodged            |    26 |    17 ||    43
